Unix NetHack Version 5.0.0-0 post-release - last build Jun 10 2026 00:39:30 (3ee93aec679c4c4259841fe613dc97188e26a321,branch:main).

Game began 2026-06-24 12:20:16, ended 2026-06-24 19:10:08.

ARFwashere, neutral male human Archeologist

                        ------
                        |....
                        |...-----
                        |...|.++|
        ------      ###@aaa.|+++|
        |.....#     ####|...|++.|+--
        |...<|         #|...---%-..|
        |.....##########|..........|
        ------         #|........{.----+--           ..|
                       #|..............................|
                       #|...---+-...........--+---+-   |
                       #|...|    ------- ----
                       #|...|
                       #|...|
                       #|...-
                       #|...
                       #-----

ARFwashere the Investigator  St:16 Dx:10 Co:14 In:12 Wi:18 Ch:10  Neutral
Dlvl:7  $:306 HP:0(45) Pw:29(29) AC:8  Xp:6 T:3775 

Latest messages:
 The large dog drops a thin spellbook.
 What do you want to drop? [$a-df-ln-zAC-EG-PR-WY or ?*] W
 You drop a novel named Thief of Time.
 Culdaff offers 10 gold pieces for your novel named Thief of Time.  Sell it? [ynaq] (n) y
 You sold a novel named Thief of Time for 10 gold pieces.
 The large dog picks up a checkered spellbook.
 The gnome opens a door.
 You see here a ragged spellbook (for sale, 711 zorkmids).
 You kill the gnome!
 The large dog drops a checkered spellbook.
 The large dog picks up a novel named Thief of Time.
 The large dog drops a novel named Thief of Time.
 Are you waiting to get hit?  Use 'm' prefix to force a no-op (to rest).
 You kill the coyote!
 The large dog picks up a wrinkled spellbook.
 There is an open door here.
 You see here a coyote corpse.
 The large dog drops a wrinkled spellbook.
 There is a coyote corpse here; eat it? [ynq] (n) y
 This coyote corpse is gamey.
 You stop eating the coyote corpse.
 The fire ant bites!
 The fire ant bites again!
 You're on fire!
 The fire ant bites!
 The fire ant bites again!
 You avoid harm.
 The fire ant bites!
 The fire ant bites again!
 You're on fire!
 Your oil lamp catches light!
 Your candle catches light!
 Your candle catches light!
 Your oil lamp catches light!
 The fire ant bites!
 The fire ant bites again!
 You avoid harm.
 You hear bubbling water.
 The fire ant bites!
 The fire ant bites again!
 You're on fire!
 What do you want to drop? [$a-df-ln-zAC-EG-PR-VY or ?*] v
 You drop a scroll of scare monster.
 The fire ant turns to flee.
 The fire ant bites!
 The fire ant bites again!
 You're on fire!
 You die...
 Do you want your possessions identified? [ynq] (y) y
 Do you want to see your attributes? [ynq] (y) q

Inventory:
 Coins    ('$')
  $ - 306 gold pieces
 Weapons  (')')
  o - 12 +0 darts (at the ready)
  r - a +0 silver dagger
  a - a +2 bullwhip (weapon in right hand)
 Armor    ('[')
  c - an uncursed +0 fedora (being worn)
  E - an uncursed +0 cloak of magic resistance (being worn)
  b - an uncursed +0 leather jacket (being worn)
 Comestibles  ('%')
  t - an uncursed apple
  I - an uncursed carrot
  d - 3 uncursed food rations
  z - an uncursed lembas wafer
 Scrolls  ('?')
  R - a cursed scroll of confuse monster
  L - a blessed scroll of destroy armor
  D - a blessed scroll of enchant armor
  C - a blessed scroll of fire
  M - 2 uncursed scrolls of teleportation
 Potions  ('!')
  O - an uncursed potion of full healing
  N - a cursed potion of full healing
  p - 2 uncursed potions of healing
  j - a cursed potion of healing
  G - an uncursed potion of object detection
  q - an uncursed potion of see invisible
 Rings    ('=')
  x - an uncursed ring of levitation
 Wands    ('/')
  P - a wand of create monster (0:10)
  K - a wand of speed monster (0:3)
 Tools    ('(')
  h - an uncursed sack containing 2 items
  T - a bag of tricks (0:15)
  A - an uncursed leather drum
  l - a cursed brass lantern (lit)
  y - an expensive camera (0:34)
  s - an uncursed leash
  w - an uncursed magic whistle
  i - an uncursed oil lamp (lit)
  S - an uncursed oil lamp (lit)
  k - a cursed skeleton key
  H - a blessed partly used tallow candle (lit)
  U - a cursed tin whistle
  f - a tinning kit (0:79)
  u - a +0 unicorn horn
  J - an uncursed partly used wax candle (lit)
 Gems/Stones  ('*')
  Y - an uncursed aquamarine stone
  n - 2 uncursed garnet stones
  V - an uncursed jet stone
  g - an uncursed touchstone

Contents of the sack:
  2250 gold pieces
  a +0 pick-axe

ARFwashere the Archeologist's attributes:

Background:
 You were an Investigator, a level 6 male human Archeologist.
 You were neutral, nominally on a mission for Camaxtli
 who was opposed by Quetzalcoatl (lawful) and Huhetotl (chaotic).
 You were right-handed.
 You were in the Gnomish Mines, on level 7.
 You entered the dungeon 3775 turns ago.
 You had 430 experience points, 210 more were needed to attain level 7.

Basics:
 You had 0 out of 45 hit points.
 You had all 29 energy points (spell power).
 Your armor class was 8.
 Your wallet contained 306 zorkmids, and
 you had 2250 more stashed away in your pack.
 Autopickup was on for '$' plus thrown.

Final Characteristics:
 Your strength was 16 (limit:18/100).
 Your dexterity was 10 (limit:18).
 Your constitution was 14 (limit:18).
 Your intelligence was 12 (limit:18).
 Your wisdom was 18 (limit:18).
 Your charisma was 10 (limit:18).

Final Status:
 You weren't hungry.
 You were unencumbered.
 You were wielding a whip.
 You had basic skill with whip.

Final Attributes:
 You were piously aligned.
 You were magic-protected.
 You were telepathic.
 You had automatic searching.
 You were stealthy.
 You were warded.
 You were lucky.
 You are dead.

Miscellaneous:
 You didn't encounter any bones levels.
 Total elapsed playing time was 1 hour, 49 minutes and 13 seconds.

Major events:
 Turn
    1: ARFwashere the neutral male human Archeologist entered the dungeon
 1073: attained the rank of Field Worker (level 3)
 1984: entered the Gnomish Mines
 3100: attained the rank of Investigator (level 6)
 3683: reached Mine Town
 3748: read a Discworld novel
 3775: killed by a fire ant

You didn't know any spells.

Skills:
 Fighting Skills
   bare handed combat [Unskilled]
   two weapon combat  [Unskilled]
   riding             [Unskilled]
 Weapon Skills
   dagger             [Unskilled]
   knife              [Unskilled]
   pick-axe           [Skilled]
   short sword        [Unskilled]
   saber              [Unskilled]
   club               [Unskilled]
   quarterstaff       [Unskilled]
   sling              [Unskilled]
   dart               [Unskilled]
   boomerang          [Unskilled]
   whip               [Basic]
   unicorn horn       [Unskilled]
 Spellcasting Skills
   attack spells      [Unskilled]
   healing spells     [Unskilled]
   divination spells  [Unskilled]
   matter spells      [Unskilled]

Voluntary challenges:
 Character rerolling was not enabled.
 You were an atheist.
 You never genocided any monsters.
 You never polymorphed an object.
 You never changed form.
 You used no wishes.
Achievements:
 You attained the rank of Field Worker.
 You entered a shop.
 You entered the Gnomish Mines.
 You attained the rank of Investigator.
 You entered Minetown.
 You read from a Discworld novel.

 The Dungeons of Doom: levels 1 to 4
    Level 1:
    Level 2:
       A fountain.
    Level 3:
       A general store, a fountain.
       Stairs down to The Gnomish Mines.
    Level 4:
 The Gnomish Mines: levels 4 to 7
    Level 4:
    Level 5:
    Level 6:
    Level 7: <- You were here.
       A bookstore, a fountain.
       Final resting place for
          you, killed by a fire ant.


Vanquished creatures:
  a leprechaun
  a white unicorn
  a pony
  6 fog clouds
  a yellow light
  7 gnome leaders
  a little dog
  a floating eye
  7 dwarves
  2 kobold leaders
  a monkey
 an orc zombie
  a dwarf zombie
  2 iguanas
  a coyote
  a giant rat
 29 gnomes
  6 garter snakes
  a gnome zombie
  2 geckos
  5 jackals
  2 kobolds
  2 goblins
  4 sewer rats
  7 grid bugs
  a bat
  3 lichens
  5 newts
102 creatures vanquished.

No species were genocided or became extinct.

Game over:
                       ----------
                      /          \
                     /    REST    \
                    /      IN      \
                   /     PEACE      \
                  /                  \
                  |    ARFwashere    |
                  |     2556 Au      |
                  | killed by a fire |
                  |       ant        |
                  |                  |
                  |                  |
                  |       2026       |
                 *|     *  *  *      | *
        _________)/\\_//(\/(/\)/\//\/|_)_______

Goodbye ARFwashere the Archeologist...

You died in The Gnomish Mines on dungeon level 7 with 4321 points,
and 2556 pieces of gold, after 3775 moves.
You were level 6 with a maximum of 45 hit points when you died.

